AoeStats
← kiwiPusher

Arabia

510140561Analyzed
1v1 RM · 4d ago on Sep 29, 2026· 45m 25s· 2 players
Game mode
Random Map
Map size
Tiny (2 player)
Population
200
Speed
Normal
Resources
Standard
Victory
Conquest
Starting age
Dark Age
Ending age
Imperial Age
RankedLock teamsTeams togetherTeam positionsShared explorationLock speedFull tech treeHidden civsTurbo modeCheats
Victory
Defeat
🇪🇸 Japanese · Spain
822
+16
🇷🇴 Celts · Romania
826
-16
che_wacca
7:28 Loom
9:50 Feudal Age
9:53 Man-at-Arms
12:54 Double-Bit Axe
17:35 Horse Collar
23:22 Castle Age
23:52 Stone Mining
23:53 Gold Mining
25:20 Crossbowman
28:28 Fletching
32:07 Forging
33:45 Scale Mail Armor
34:29 Bodkin Arrow
36:27 Ballistics
37:44 Bow Saw
37:35 Heavy Plow
42:54 Gold Shaft Mining
42:10 Light Cavalry
44:29 Iron Casting
kiwiPusher
11:41 Feudal Age
9:56 Loom
14:36 Double-Bit Axe
17:43 Man-at-Arms
19:06 Scale Mail Armor
21:18 Forging
20:56 Arson
28:30 Castle Age
29:29 Elite Skirmisher
34:17 Padded Archer Armor
34:39 Long Swordsman
39:42 Stone Mining
Connection lost

Rejoining the realm…

Still unreachable

The connection could not be restored.

Session expired

The server has moved on; the page needs a fresh start.